 Dungeon Crawl Stone Soup version 0.31-a0-750-gfe7b580527 (webtiles) character file.

Game seed: 1844336325553658724

389 javelincjr the Conjurer (level 6, -7/36 HPs)
             Began as an Octopode Conjurer on Sept 14, 2023.
             Was an Initiate of Sif Muna.
             Mangled by a kobold brigand
             ... wielding a +3 spear
              (11 damage)
             ... on level 4 of the Dungeon.
             The game lasted 00:14:35 (4405 turns).

javelincjr the Conjurer (Octopode Conjurer)         Turns: 4405, Time: 00:14:35

Health: -7/36      AC:  1    Str:  6    XL:     6   Next: 79%
Magic:  12/12      EV: 13    Int: 23    God:    Sif Muna [......]
Gold:   226        SH:  0    Dex: 10    Spells: 7/13 levels left

rFire   . . .        h - +0 dagger (venom)
rCold   . . .        (no shield)
rNeg    . . .        (helmet restricted)
rPois   +            (no amulet)
rElec   .            d - ring of wizardry
rCorr   .            k - ring of flight
SInv    .            m - ring of poison resistance
Will    .....        (no ring)
Stlth   ++++         (no ring)
HPRegen 0.26/turn    (no ring)
MPRegen 0.13/turn    (no ring)
                     (no ring)

%: wizardry (x1)
@: flying, slowed, very slow
A: almost no armour, amphibious, 8 rings, camouflage 1, gelatinous body 1,
(nimble swimmer 1), tentacles
a: Renounce Religion


You were on level 4 of the Dungeon.
You worshipped Sif Muna.
Sif Muna was noncommittal.
You visited 2 branches of the dungeon, and saw 5 of its levels.

You collected 226 gold pieces.

Inventory:

Hand Weapons
 h - a +0 dagger of venom (weapon)
Magical Staves
 o - a staff of fire
Jewellery
 d - a ring of wizardry (left tentacle)
 k - a ring of flight (right tentacle)
 m - a ring of poison resistance (on tentacle)
Potions
 a - a potion of magic
 c - 3 potions of lignification
 e - 3 potions of resistance
 i - a potion of degeneration {unknown}
 j - a potion of cancellation {unknown}
 l - a potion of might {unknown}


   Skills:
 + Level 3.4 Dodging
 + Level 4.9 Stealth
 * Level 4.0 Spellcasting
 + Level 5.0 Conjurations
 + Level 1.5 Ice Magic
 + Level 0.0 Invocations


You had 7 spell levels left.
You knew the following spells:

 Your Spells              Type           Power      Damage    Failure   Level
a - Magic Dart            Conj           100%       1d8       1%          1
b - Searing Ray           Conj           54%        2d6       1%          2
c - Frozen Ramparts       Ice            22%        1d4       7%          3

Your spell library contained the following spells:

 Spells                   Type           Power      Damage    Failure   Level
 Freeze                   Ice            44%        1d6       2%          1
 Hailstorm                Conj/Ice       19%        3d6       3%          3
 Dazzling Flash           Conj/Hex       32%        N/A       4%          3
 Fulminant Prism          Conj/Hex       8%         3d7       16%         4
 Iskenderun's Mystic Bla  Conj/Tloc      16%        2d5       16%         4


Dungeon Overview and Level Annotations

Branches:
Dungeon (4/15)             Temple (1/1) D:4

Altars:
Ashenzari
Dithmenos
Kikubaaqudgha
Makhleb
Nemelex Xobeh
Okawaru
Qazlal
Sif Muna
Vehumet
Wu Jian
Xom
Zin
The Shining One

Shops:
D:2 [   D:4 !


Innate Abilities, Weirdness & Mutations

You cannot wear most types of armour.
You are amphibious.
You can wear up to eight rings at the same time.
Your skin changes colour to match your surroundings (Stealth+).
Your rubbery body absorbs attacks. (AC +1, EV +1)
((You are camouflaged when in or above water. (Stealth+)))
You have tentacles for arms and can constrict up to eight enemies at once.


Message History

You kill the giant cockroach!
Sif Muna accepts your kill.
You see here a giant cockroach corpse.
You reach down and open the door.
There is an open door here.
You reach down and open the door.
There is an open door here.
The kobold shouts!
The magic dart hits the kobold.
You kill the kobold!
Sif Muna accepts your kill.
You hear a splash. x3
Found a quarterstaff.
Items here: ( ) [ †.
Okay, then.
A kobold brigand comes into view.
It is wielding a +3 spear and quivering curare-tipped darts.
The magic dart hits the kobold brigand.
The kobold brigand is lightly wounded.
The kobold brigand shouts!
The kobold brigand throws a curare-tipped dart.
The curare-tipped dart hits you.
You are poisoned.
You have difficulty breathing.
You feel yourself slow down.
You feel very sick.
You feel very sick.
You feel very sick.
The kobold brigand throws a curare-tipped dart.
The curare-tipped dart hits you.
You have difficulty breathing.
You feel as though you will be slow longer.
You feel sick.
The kobold brigand hits you from afar with a +3 spear!
* * * LOW HITPOINT WARNING * * *
You feel sick.
The kobold brigand throws a curare-tipped dart.
The curare-tipped dart hits you.
You feel sick. The kobold brigand barely misses you.
You feel sick.
You are no longer poisoned.
The kobold brigand hits you from afar with a +3 spear!
You die...

#.....#..#≈..≈##
#.....#.≈≈~..≈≈#
......#.##.)..≈#### ##
.....##.#..≈..≈#..##..#
.....#..#.≈~...#......
.....#..#≈)....+......
.....#'##≈......≈##
####......#.###≈≈≈# #
#....#.......@.+ #
#....+.........# #
#....###..###K##
...#######'###.## ....#
.........# #....#
.........# #~...#
##.......# #.......#
'............#


You could see a kobold brigand.

Vanquished Creatures
  Grinder (D:4)
  A hound (D:4)
  An orc wizard (D:4)
  4 gnolls
  3 adders (D:4)
  A worm (D:3)
  A dart slug (D:1)
  3 orcs (D:4)
  7 ball pythons
  5 bats
  5 endoplasms
  5 giant cockroaches
  4 goblins
  4 hobgoblins
  6 jackals
  12 kobolds
  2 quokkas (D:1)
  2 frilled lizards
  2 rats (D:1)
69 creatures vanquished.

Notes
Turn   | Place    | Note
-------+----------+-------------------------------------------
     0 | D:1      | javelincjr the Octopode Conjurer began the quest for the
                  | Orb.
     0 | D:1      | Reached XP level 1. HP: 11/11 MP: 3/3
   334 | D:1      | Reached XP level 2. HP: 17/17 MP: 1/5
   810 | D:1      | Reached XP level 3. HP: 21/21 MP: 4/6
  1677 | D:2      | Found Oruzist's Antique Armour Boutique.
  2403 | D:3      | Reached XP level 4. HP: 27/27 MP: 0/8
  2406 | D:3      | Learned a level 2 spell: Searing Ray
  3329 | D:4      | Found Rijurull's Distillery.
  3493 | D:4      | Reached XP level 5. HP: 31/31 MP: 4/9
  3542 | D:4      | Noticed Grinder
  3662 | D:3      | Learned a level 3 spell: Frozen Ramparts
  3867 | D:4      | Found a staircase to the Ecumenical Temple.
  3876 | Temple   | Entered the Ecumenical Temple
  3933 | Temple   | Became a worshipper of Sif Muna the Loreminder
  4152 | D:4      | Paralysed by Grinder for 3 turns
  4179 | D:4      | Paralysed by Grinder for 3 turns
  4184 | D:4      | Killed Grinder
  4185 | D:4      | Reached skill level 5 in Conjurations
  4185 | D:4      | Reached skill level 1 in Ice Magic
  4185 | D:4      | Reached XP level 6. HP: 19/36 MP: 0/12
  4405 | D:4      | Mangled by a kobold brigand

Illustrated notes

Levels and vault maps discovered:
D:1:      mainiacjoe_arrival_reflecting_pool, layout_loops_corners,
          kennysheep_flooded_box
D:2:      layout_basic, serial_shops, shop_fountains, grunt_ministairs_14
D:3:      wad_lake_hut, layout_basic, nicolae_grassy_gnolls
D:4:      cheibrodos_thug_alley, layout_gridville,
          minmay_temple_entry_mini_moons, serial_rivers,
          chequers_serial_rivers_marsh, chequers_serial_rivers_small_b,
          chequers_serial_rivers_large_a, chequers_serial_rivers_small_3,
          chequers_serial_rivers_micro_c, serial_shops, shop, uniq_grinder,
          uniq_robin, uniq_ijyb
Temple:   nicolae_temple_ecumenical_triangle

Skill      XL: |  1  2  3  4  5 |
---------------+----------------+-----
Stealth        | 3 4 |  4.9
Spellcasting   | 3 4 |  4.0
Dodging        | 3 |  3.4
Conjurations   | 5 |  5.0
Ice Magic      | 1 |  1.5

Action                     |  1- 3 |  4- 6 || total
---------------------------+-------+-------++-------
  Melee: Dagger            |     4 |    10 ||    14
         Constrict         |     2 |     4 ||     6
         Tentacles         |       |     3 ||     3
   Cast: Magic Dart        |    79 |    44 ||   123
         Searing Ray       |       |    12 ||    12
         Frozen Ramparts   |       |     1 ||     1
    Use: Scroll            |       |     4 ||     4
         Potion            |       |     1 ||     1
   Stab: Sleeping          |     1 |       ||     1
 Armour: Skin              |     1 |    18 ||    19
  Dodge: Dodged            |     5 |    15 ||    20

Table legend: (Time is in decaauts)
 A = Elapsed time spent in this place.
 B = Non-inter-level travel time spent in this place.
 C = Inter-level travel time spent in this place.
 D = Time resting spent in this place.
 E = Time spent auto-exploring this place.
 F = Levels seen in this place.
 G = Mean time per level.
                   A        B        C        D        E       F      G
               +--------+--------+--------+--------+--------+-----+--------+
         Total |   4409 |   4298 |    111 |    514 |   3275 |   5 |  881.8 |
       Dungeon |   4169 |   4058 |    111 |    358 |   3275 |   4 | 1042.2 |
        Temple |    240 |    240 |      0 |    156 |      0 |   1 |  240.0 |
               +--------+--------+--------+--------+--------+-----+--------+

Top non-repeatable levels by time:
     D:1: 1499 daAuts
     D:3: 1073 daAuts
     D:2: 811 daAuts
     D:4: 785 daAuts
  Temple: 240 daAuts
